 Dungeon Crawl Stone Soup version 0.21.1-1-g345015f (webtiles) character file.

95 shakethe the Chopper (level 4, 0/26 HPs)
             Began as a Gargoyle Gladiator on Feb 10, 2018.
             Was a Follower of Elyvilon.
             Slain by a gnoll
             ... wielding a +0 club
              (7 damage)
             ... on level 3 of the Dungeon.
             The game lasted 00:04:45 (2346 turns).

shakethe the Chopper (Gargoyle Gladiator)           Turns: 2346, Time: 00:04:46

Health: 0/26       AC:  7    Str: 17    XL:     4   Next: 66%
Magic:  3/4        EV: 12    Int:  9    God:    Elyvilon [*.....]
Gold:   128        SH:  0    Dex: 12    Spells: 3/3 levels left

rFire    . . .     SeeInvis .   r - +0 hand axe (chop)
rCold    . . .     Gourm    .   (no shield)
rNeg     + . .     Faith    .   b - +0 leather armour
rPois    ∞         Spirit   .   c - +0 helmet
rElec    +         Reflect  .   (no cloak)
rCorr    .         Harm     .   (no gloves)
MR       .....                  (no boots)
Stlth    +.........             (no amulet)
HPRegen  0.08/turn              (no ring)
MPRegen  0.09/turn              (no ring)

@: no status effects
A: negative energy resistance 1, electricity resistance, unbreathing,
petrification resistance, rot immunity, AC +3
a: Lesser Healing, Divine Protection, Renounce Religion


You were on level 3 of the Dungeon.
You worshipped Elyvilon.
Elyvilon was aware of your devotion.
You were not hungry.

You visited 1 branch of the dungeon, and saw 3 of its levels.

You collected 128 gold pieces.

Inventory:

Hand Weapons
 a - a +0 war axe
 r - a +0 hand axe of chopping (weapon)
   (You found it on level 2 of the Dungeon)
Missiles
 d - 4 throwing nets {=f, !d}
Armour
 b - a +0 leather armour (worn)
 c - a +0 helmet (worn)
 q - a +0 plate armour
   (You found it on level 2 of the Dungeon)
Jewellery
 o - an uncursed ring of resist corrosion {unknown}
   (You found it on level 2 of the Dungeon)
 t - an uncursed ring of protection from fire {unknown}
   (You found it on level 2 of the Dungeon)
Scrolls
 e - 2 scrolls of identify
 g - 3 scrolls of teleportation {unknown}
 i - a scroll of fear {unknown}
 s - a scroll of fog {unknown}
Potions
 h - 2 potions of degeneration {unknown}
 j - a potion of magic {unknown}
 k - a potion of resistance {unknown}
 l - a potion of heal wounds {unknown}
 m - a potion of curing {unknown}
 n - a potion of haste {unknown}
Books
 p - a book of Misfortune
   (You found it on level 2 of the Dungeon)
Comestibles
 f - 6 rations
 u - a chunk of flesh {@w0}


   Skills:
 - Level 2.1 Fighting
 + Level 4.8 Axes
 - Level 1.7 Throwing
 - Level 2.4 Dodging


You had 3 spell levels left.
You didn't know any spells.

Dungeon Overview and Level Annotations

Branches:
Dungeon (3/15)

Altars:
Ashenzari
Elyvilon
Kikubaaqudgha
Wu Jian
Yredelemnul
Zin
The Shining One


Innate Abilities, Weirdness & Mutations

You are resistant to torment.
Your stone body is resilient. (AC +3)
You are immune to poison.
You resist negative energy. (rN+)
You are resistant to electric shocks. (rElec)
You can survive without breathing.
You are immune to petrification.
You are immune to rotting.


Message History

A gnoll comes into view. It is wielding a spear of freezing.
The gnoll shouts!
Health restored: 26 A gnoll comes into view.
It is wielding a spear.
The gnoll shouts!
A gnoll comes into view.
The gnoll shouts!
The gnoll hits you but does no damage.
You barely miss the gnoll.
The gnoll hits you from afar with a spear.
The gnoll hits you with a spear of freezing.
The gnoll freezes you.
You take 11 damage, and have 15/26 hp.
MASSIVE DAMAGE!!
You see here a club.
The gnoll barely misses you. The gnoll hits you but does no damage.
There is a stone staircase leading up here.
The gnoll hits you from afar with a spear.
You climb upwards.
There is a stone staircase leading down here.
You take 4 damage, and have 13/26 hp.
There is a stone staircase leading down here.
There is a stone staircase leading down here.
There is a stone staircase leading down here.
You climb downwards.
There is a stone staircase leading up here.
A bat comes into view.
The bat moves out of view.
The bat closely misses you.
The bat is too close now for your liking.
A frilled lizard comes into view.
The bat hits you. The bat barely misses you.
You take 1 damage, and have 18/26 hp.
You barely miss the bat. The bat hits you. The bat hits you but does no damage.
You take 1 damage, and have 17/26 hp.
You hit the bat but do no damage.
The frilled lizard hisses angrily.
The bat hits you but does no damage. The bat closely misses you.
You miss the bat. The bat hits you but does no damage.
You hit the bat. The bat closely misses you. The bat barely misses you.
The bat closely misses you.
You hit the frilled lizard but do no damage.
The bat misses you. The frilled lizard barely misses you.
You hit the bat.
You kill the bat!
You barely miss the frilled lizard. The frilled lizard closely misses you.
You barely miss the frilled lizard.
The frilled lizard bites you but does no damage.
You miss the frilled lizard. The frilled lizard misses you.
You slash the frilled lizard!
You kill the frilled lizard!
No target in view!
No target in view!
No target in view!
No target in view!
No target in view!
No target in view!
No target in view!
No target in view!
No target in view!
No target in view!
No target in view!
A gnoll comes into view. It is wielding a club.
The gnoll shouts!
You hear a shout! x2
A gnoll comes into view. It is wielding a spear.
Okay, then.
Unknown command.
You hit the gnoll. The gnoll misses you. The gnoll completely misses you.
You hit the gnoll but do no damage. The gnoll barely misses you. x2
You hit the gnoll.
The gnoll hits you from afar with a spear.
The gnoll closely misses you.
You take 3 damage, and have 16/26 hp.
You closely miss the gnoll. The gnoll barely misses you.
The gnoll hits you with a club.
You take 2 damage, and have 14/26 hp.
Your leather armour prevents you from hitting the gnoll.
The gnoll hits you from afar with a spear.
The gnoll misses you.
You take 4 damage, and have 10/26 hp.
You hit the gnoll but do no damage. The gnoll hits you but does no damage.
The gnoll completely misses you.
You barely miss the gnoll. The gnoll hits you but does no damage.
The gnoll closely misses you.
You hit the gnoll.
The gnoll hits you from afar with a spear.
* * * LOW HITPOINT WARNING * * *
The gnoll hits you but does no damage.
You take 6 damage, and have 4/26 hp.
MASSIVE DAMAGE!!
You fail to use your ability.
The gnoll barely misses you. The gnoll hits you with a club.
* * * LOW HITPOINT WARNING * * *
You take 1 damage, and have 3/26 hp.
Okay, then.
You are healed.
You feel somewhat more hungry. The gnoll closely misses you.
The gnoll hits you with a club!
You die...

...############
..............#
.#<##########.## ###
#..# ######+#####
##.## #..........#
### #..#
#..........# .. ##.#
#..........# ..
#.###†.........# #.
#####.@##..........#
. ..
+......gg...........
###....
######.####.###.####
..'.... #..#...#
###.... ##.#.### # .
#... # ##.. # #... #
.+...


You could see 2 gnolls.

Vanquished Creatures
  5 adders
  An ooze (D:2)
  A worm (D:2)
  A dart slug (D:2)
  A giant cockroach (D:1)
  4 goblins
  4 hobgoblins
  2 jackals (D:2)
  A ball python (D:3)
  4 bats
  4 frilled lizards
  7 kobolds
  9 rats
44 creatures vanquished.

Vanquished Creatures (others)
  A quokka (D:2)
1 creature vanquished.

Grand Total: 45 creatures vanquished

Notes
Turn   | Place    | Note
-------+----------+-------------------------------------------
     0 | D:1      | shakethe the Gargoyle Gladiator began the quest for the Orb.
     0 | D:1      | Reached XP level 1. HP: 12/12 MP: 1/1
   300 | D:1      | Reached skill level 3 in Axes
   564 | D:1      | Reached XP level 2. HP: 13/17 MP: 2/2
  1162 | D:2      | Found a basalt altar of Yredelemnul.
  1171 | D:2      | Found a glowing silver altar of Zin.
  1171 | D:2      | Found an ornate altar of the Wu Jian Council.
  1174 | D:2      | Found a shattered altar of Ashenzari.
  1237 | D:2      | Found an ancient bone altar of Kikubaaqudgha.
  1338 | D:2      | Reached XP level 3. HP: 15/21 MP: 3/3
  1503 | D:2      | Reached skill level 4 in Axes
  1562 | D:2      | Found a white marble altar of Elyvilon.
  1572 | D:2      | Reached XP level 4. HP: 15/26 MP: 4/4
  1577 | D:2      | Became a worshipper of Elyvilon the Healer
  2029 | D:2      | Found a glowing golden altar of the Shining One.
  2197 | D:3      | Reached * piety under Elyvilon
  2344 | D:3      | HP: 4/26 [gnoll/spear (6)]
  2346 | D:3      | Slain by a gnoll

Skill      XL: |  1  2  3 |
---------------+----------+-----
Axes           | 3 4 |  4.8
Fighting       | |  2.1
Throwing       | |  1.7
Dodging        | |  2.4

Action                   |  1- 3 |  4- 6 || total
-------------------------+-------+-------++-------
Melee: War axe           |    97 |       ||    97
       Hand axe          |       |    56 ||    56
Invok: Lesser Healing    |       |     1 ||     1
  Use: Scroll            |       |     3 ||     3
  Eat: Ration            |     1 |       ||     1
       Chunk             |       |     1 ||     1
Armor: Leather armour    |    39 |    22 ||    61
Dodge: Dodged            |    71 |    48 ||   119

Vault maps used:
D:1:      dpeg_arrival_arbitrary_b, serial_forest, infiniplex_forest_zigzag_1,
          infiniplex_forest_zigzag_1, infiniplex_forest_end_1,
          infiniplex_forest_fountain, infiniplex_forest_straight_3,
          infiniplex_forest_corner_2, columned_hall_lemuel
D:2:      lemuel_round_altar, elyvilon_altar_4, nicolae_overflow_crystal_walls,
          grunt_temple_overflow_open, minmay_crystal_room, minmay_tetromino_t4
D:3:      nicolae_ru_the_path_less_chosen

Table legend:
 A = Turns spent in this place as a percentage of turns spent in the entire game.
 B = Non-inter-level travel turns spent in this place as a percentage of non-inter-level travel turns spent in the entire game.
 C = Inter-level travel turns spent in this place as a percentage of turns spent in this place.
 D = Turns resting spent in this place as a percentage of non-inter-level travel turns spent in this place.
 E = Turns spent auto-exploring this place as a percentage of non-inter-level travel turns spent in this place.
 F = Non-inter-level travel turns spent in this place divided by the number of levels of this place that you've seen.
                   A       B       C       D       E      F
               +-------+-------+-------+-------+-------+----------------------
         Total | 100.0 | 100.0 |   1.9 |   8.3 |  67.0 | 767.0
       Dungeon | 100.0 | 100.0 |   1.9 |   8.3 |  67.0 | 767.0
               +-------+-------+-------+-------+-------+----------------------

Table legend:
 A = Kills in this place as a percentage of kills in entire the game.
 B = Kills by you in this place as a percentage of kills by you in the entire game.
 C = Kills by friends in this place as a percentage of kills by friends in the entire game.
 D = Other kills in this place as a percentage of other kills in the entire game.
 E = Experience gained in this place as a percentage of experience gained in the entire game.
 F = Experience gained in this place divided by the number of levels of this place that you have seen.
                   A       B       C       D       E      F
               +-------+-------+-------+-------+-------+----------------------
         Total | 100.0 | 100.0 |   N/A |   N/A | 100.0 |  45.7
       Dungeon | 100.0 | 100.0 |   N/A |   N/A | 100.0 |  45.7
               +-------+-------+-------+-------+-------+----------------------
